AoeStats
← Jotakargo

Arena

509715166Analyzed
1v1 RM · 4d ago on Sep 27, 2026· 44m 22s· 2 players
Game mode
Random Map
Map size
Tiny (2 player)
Population
200
Speed
Normal
Resources
Standard
Victory
Conquest
Starting age
Dark Age
Ending age
Imperial Age
RankedLock teamsTeams togetherTeam positionsShared explorationLock speedFull tech treeHidden civsTurbo modeCheats
Victory
Defeat
🇨🇴 Teutons · Colombia
303
+12
🇫🇷 Gurjaras · France
211
-12
p.lefe
19:53 Feudal Age
21:13 Horse Collar
21:31 Double-Bit Axe
24:58 Gold Mining
25:00 Stone Mining
28:58 Loom
29:50 Wheelbarrow
29:01 Town Watch
33:44 Bloodlines
33:55 Scale Barding Armor
34:25 Forging
40:24 Castle Age
Jotakargo
3:23 Loom
12:00 Feudal Age
14:58 Double-Bit Axe
16:08 Horse Collar
17:09 Wheelbarrow
17:08 Town Watch
23:14 Castle Age
21:50 Gold Mining
23:09 Forging
24:27 Bloodlines
26:23 Hand Cart
26:29 Stone Mining
27:16 Bow Saw
28:13 Stone Shaft Mining
29:00 Fervor
30:50 Town Patrol
37:01 Imperial Age
36:24 Iron Casting
35:49 Scale Mail Armor
35:33 Elite Skirmisher
35:36 Man-at-Arms
37:21 Heavy Plow
37:15 Long Swordsman
37:16 Pikeman
37:41 Gambesons
37:56 Squires
37:42 Arson
39:53 Scale Mail Armor
39:56 Padded Archer Armor
41:26 Capped Ram
45:31 Chemistry
44:54 Ballistics
Connection lost

Rejoining the realm…

Still unreachable

The connection could not be restored.

Session expired

The server has moved on; the page needs a fresh start.